 Dungeon Crawl Stone Soup version 0.32-a0-576-g706899e69d (webtiles) character file.

Game seed: 13688927188142581210

775 backslashecho the Chopper (level 7, -9/84 HPs)
             Began as a Coglin Berserker on Mar 1, 2024.
             Was a Believer of Trog.
             Mangled by an ice beast (12 damage)
             ... on level 7 of the Dungeon.
             The game lasted 00:07:58 (3315 turns).

backslashecho the Chopper (Coglin Berserker)        Turns: 3315, Time: 00:07:58

Health: -9/84      AC:  9    Str: 20    XL:     7   Next: 84%
Magic:  7/7        EV:  8    Int:  6    God:    Trog [**....]
Gold:   41         SH:  0    Dex: 13    Spells: 6/6 levels left

rFire   . . .        a - +0 hand axe {Seojun}
rCold   . . .        c - +1 dagger (flame) {Kanlaya}
rNeg    . . .        j - +0 chain mail
rPois   .            (no helmet)
rElec   .            (no cloak)
rCorr   .            o - +0 pair of gloves
SInv    .            (no boots)
Will    .....        (amulet unavailable) Stlth
                     (ring unavailable)
HPRegen 0.34/turn    (ring unavailable)
MPRegen 0.10/turn    (no gizmo)

%: no passive effects
@: berserking, revved, very quick
A: off-hand wielding, slow wielding, warmup strikes, no jewellery
a: Invent Gizmo, Renounce Religion, Berserk, Trog's Hand


You were on level 7 of the Dungeon.
You worshipped Trog.
Trog was pleased with you.
You visited 2 branches of the dungeon, and saw 7 of its levels.

You collected 181 gold pieces.
You spent 140 gold pieces at shops.

Inventory:

Hand Weapons
 a - a +0 hand axe (weapon) {Seojun}
 b - a +0 war axe
 c - a +1 dagger of flaming (offhand) {Kanlaya}
 z - the +1 spear of the Dwarven Hall {freeze, rElec rC+ Str-4}
   (You found it on level 5 of the Dungeon)

   Str-4:     It affects your strength (-4).
   rC+:       It protects you from cold.
   rElec:     It insulates you from electricity.
Missiles
 n - 6 poisoned darts (quivered)
 y - a throwing net
Armour
 j - a +0 chain mail (worn)
 o - a +0 pair of gloves (worn)
Wands
 t - a wand of roots (7)
 w - a wand of polymorph (5)
Scrolls
 e - 4 scrolls of identify {unknown}
 f - a scroll of fear {unknown}
 h - a scroll of fog {unknown}
 i - a scroll of blinking {unknown}
 m - a scroll of teleportation {unknown}
 r - a scroll of summoning {unknown}
 s - 2 scrolls of poison {unknown}
 x - a scroll of noise {unknown}
Potions
 d - a potion of heal wounds {unknown}
 g - 3 potions of curing
 k - 2 potions of haste {unknown}
 l - a potion of mutation {unknown}
 p - 2 potions of brilliance {unknown}
 q - a potion of magic {unknown}
 u - a potion of lignification
 v - a potion of cancellation


   Skills:
 + Level 5.2 Fighting
 - Level 2.0 Short Blades
 * Level 7.1 Axes
 + Level 2.4 Armour
 - Level 2.0 Dodging


You had 6 spell levels left.
You didn't know any spells.
Your spell library was empty.

Dungeon Overview and Level Annotations

Branches:
Dungeon (5/15)             Temple (1/1) D:4

Altars:
Ashenzari
Dithmenos
Elyvilon
Fedhas
Gozag
Hepliaklqana
Kikubaaqudgha
Makhleb
Nemelex Xobeh
Okawaru
Qazlal
Sif Muna
Uskayaw
Vehumet
Wu Jian
Xom
Yredelemnul
Zin
The Shining One

Shops:
D:3 !

Annotations:
Temple 2 transporters


Innate Abilities, Weirdness & Mutations

You can wield a second weapon in your off-hand.
It takes a long time for you to wield or remove held weapons.
Your first few attacks do less damage.
You cannot equip rings or amulets.


Message History

n - 6 poisoned darts (gained 1)
An iguana and an ice beast come into view.
The iguana hisses angrily.
The ice beast moves out of view.
An iguana is nearby!
The ice beast attacks as it pursues you!
The ice beast hits you but does no damage.
You hit the ice beast with your +1 dagger of flaming.
You melt the ice beast.
The ice beast is moderately wounded.
You barely miss the ice beast with your +0 hand axe.
The ice beast barely misses you.
You barely miss the ice beast with your +0 hand axe.
The ice beast is moderately wounded.
You hit the ice beast but do no damage.
The ice beast hits you but does no damage.
You hit the ice beast but do no damage.
The ice beast is moderately wounded.
You hit the ice beast with your +0 hand axe.
The ice beast hits you. The ice beast freezes you!
You take 17 damage, and have 39/56 hp.
MASSIVE DAMAGE!!
You hit the ice beast but do no damage.
The ice beast is heavily wounded.
You barely miss the ice beast with your +1 dagger of flaming.
The ice beast hits you. The ice beast freezes you!
You take 9 damage, and have 30/56 hp.
You hit the ice beast but do no damage.
The ice beast is heavily wounded.
You hit the ice beast but do no damage. The ice beast hits you.
The ice beast freezes you!
* * * LOW HITPOINT WARNING * * *
You take 15 damage, and have 15/56 hp.
MASSIVE DAMAGE!!
You closely miss the ice beast with your +0 hand axe.
The ice beast is heavily wounded.
You hit the ice beast but do no damage. The ice beast hits you.
* * * LOW HITPOINT WARNING * * *
The ice beast freezes you!
* * * LOW HITPOINT WARNING * * *
You take 13 damage, and have 2/56 hp.
MASSIVE DAMAGE!!
A red film seems to cover your vision as you go berserk!
You feel yourself moving faster!
You feel mighty! The ice beast barely misses you.
You now have 4/84 hp.
You barely miss the ice beast with your +1 dagger of flaming.
The ice beast is heavily wounded.
You closely miss the ice beast with your +0 hand axe.
The ice beast hits you.
* * * LOW HITPOINT WARNING * * *
The ice beast freezes you!
You die...

############ #.. #.......
..# #.# #.##.#.# #.##.#
#.##.#.###.#.# ###.
#.#..........# ....
#.#..#.###.#)## #..#
#......###.##.## #...#..
###........###.###.......
#.######## ##@Yl# #.#
###.......# ##.##
..(....## #...# l...#$#.#
#...# ........#.# #...#
........## #)######..
........#.
#).....l).........#.#.
#..####... .


You could see an ice beast and an iguana.

Vanquished Creatures
  Sigmund (D:4)
  An ice beast (D:7)
  A black bear (D:7)
  An ogre (D:7)
  A scorpion (D:4)
  A hound (D:4)
  A bombardier beetle (D:4)
  A jelly (D:5)
  An orc priest (D:7)
  An iguana (D:3)
  An orc wizard (D:7)
  Ijyb (D:3)
  2 adders (D:3)
  A dart slug (D:2)
  4 ribbon worms
  5 orcs
  8 ball pythons
  5 bats
  6 endoplasms
  8 goblins
  6 hobgoblins
  6 jackals
  A quokka (D:2)
  4 frilled lizards
  A kobold (D:1)
  2 rats (D:3)
71 creatures vanquished.

Notes
Turn   | Place    | Note
-------+----------+-------------------------------------------
     0 | D:1      | backslashecho the Coglin Berserker began the quest for the
                  | Orb.
     0 | D:1      | Reached XP level 1. HP: 18/18 MP: 1/1
   177 | D:1      | Reached XP level 2. HP: 24/24 MP: 2/2
   943 | D:2      | Reached skill level 1 in Short Blades
  1021 | D:2      | Found a faded altar of an unknown god.
  1077 | D:2      | Reached XP level 3. HP: 24/29 MP: 3/3
  1293 | D:3      | Noticed Ijyb
  1345 | D:3      | Reached XP level 4. HP: 23/35 MP: 4/4
  1467 | D:3      | Reached ** piety under Trog
  1643 | D:3      | Killed Ijyb
  1644 | D:3      | Reached skill level 4 in Axes
  1720 | D:3      | Reached XP level 5. HP: 42/42 MP: 5/5
  1775 | D:3      | Found Iduimud's Distillery.
  1781 | D:3      | Bought a potion of curing for 30 gold pieces
  1781 | D:3      | Bought a potion of lignification for 30 gold pieces
  1781 | D:3      | Bought a potion of cancellation for 80 gold pieces
  2119 | D:4      | Found an ornate altar of the Wu Jian Council.
  2215 | D:4      | Found an ancient bone altar of Kikubaaqudgha.
  2216 | D:4      | Found a radiant altar of Vehumet.
  2217 | D:4      | Found a basalt altar of Yredelemnul.
  2217 | D:4      | Found a hazy altar of Hepliaklqana.
  2248 | D:4      | Found a staircase to the Ecumenical Temple.
  2248 | D:4      | Noticed Sigmund
  2257 | Temple   | Found a transporter.
  2257 | Temple   | Found a transporter.
  2257 | Temple   | Found a transporter.
  2257 | Temple   | Found a transporter.
  2257 | Temple   | Entered the Ecumenical Temple
  2270 | D:4      | Killed Sigmund
  2271 | D:4      | Reached skill level 5 in Axes
  2271 | D:4      | Reached XP level 6. HP: 49/49 MP: 6/6
  2353 | D:4      | Found a broken altar of Ashenzari.
  2731 | D:5      | Entered Level 5 of the Dungeon
  2821 | D:5      | Identified the +1 spear of the Dwarven Hall {freeze, rElec
                  | rC+ Str-4}
  2867 | D:4      | Reached skill level 6 in Axes
  2867 | D:4      | Reached XP level 7. HP: 40/55 MP: 7/7
  2924 | D:5      | You fall into a shaft and drop 2 floors!
  3137 | D:7      | Reached skill level 5 in Fighting
  3149 | D:7      | Reached skill level 7 in Axes
  3313 | D:7      | HP: 2/56 [ice beast (11)]
  3315 | D:7      | Mangled by an ice beast

Illustrated notes

Levels and vault maps discovered:
D:1:      ncdulo_lavacross, layout_basic
D:2:      layout_rooms, ebering_ecumenical_altar_abandoned
D:3:      layout_basic, serial_shops, shop, st_stairs_8, uniq_ijyb
D:4:      layout_loops_cross, mainiacjoe_overflow_catwalk, ashenzari_altar_1,
          mainiacjoe_overflow_alcove_3, minmay_temple_entry_waves, uniq_sigmund
D:5:      layout_basic, mainiacjoe_overflow_alcove_2, tgw_trog, serial_shops,
          shop, minmay_misc_feat_chi, serial_library_hellmonk_hallway_a,
          uniq_grinder
D:7:      layout_loops_cross, nicolae_lava_and_water, minmay_manual_mullet
Temple:   hellmonk_temple_divided_pantheon

Skill      XL: |  1  2  3  4  5  6  7 |
---------------+----------------------+-----
Armour         | 2 |  2.4
Short Blades   | 1 2 |  2.0
Dodging        | 2 |  2.0
Axes           | 4 5 6 7 |  7.1
Fighting       | 4 5 |  5.2

Action                     |  1- 3 |  4- 6 |  7- 9 || total
---------------------------+-------+-------+-------++-------
  Melee: Hand axe          |    45 |   106 |    36 ||   187
         Dagger            |    37 |   109 |    37 ||   183
  Throw: Dart              |       |     3 |     4 ||     7
 Invoke: Berserk           |       |     2 |     2 ||     4
         Trog's Hand       |       |     1 |       ||     1
  Evoke: Wand              |       |       |     1 ||     1
 Armour: Animal skin       |    17 |       |       ||    17
         Chain mail        |    17 |    89 |    28 ||   134
  Dodge: Dodged            |    21 |    47 |    15 ||    83

Table legend: (Time is in decaauts)
 A = Elapsed time spent in this place.
 B = Non-inter-level travel time spent in this place.
 C = Inter-level travel time spent in this place.
 D = Time resting spent in this place.
 E = Time spent auto-exploring this place.
 F = Levels seen in this place.
 G = Mean time per level.
                   A        B        C        D        E       F      G
               +--------+--------+--------+--------+--------+-----+--------+
         Total |   3347 |   3066 |    281 |    348 |   2085 |   7 |  478.1 |
       Dungeon |   3304 |   3023 |    281 |    320 |   2079 |   6 |  550.7 |
        Temple |     43 |     43 |      0 |     28 |      6 |   1 |   43.0 |
               +--------+--------+--------+--------+--------+-----+--------+

Top non-repeatable levels by time:
     D:1: 856 daAuts
     D:3: 750 daAuts
     D:4: 737 daAuts
     D:2: 456 daAuts
     D:7: 399 daAuts
     D:5: 105 daAuts
  Temple: 43 daAuts
